 Dungeon Crawl Stone Soup version 0.27-a0-955-gb57c80000f (webtiles) character file.

Game seed: 842100066364462636

136710 Morbidden the Eclecticist (level 17, -11/121 HPs)
             Began as a Djinni Necromancer on Apr 11, 2021.
             Was the Champion of Cheibriados.
             Mangled by a naga warrior
             ... wielding a +0 short sword
              (35 damage)
             ... on level 3 of the Snake Pit on Apr 12, 2021.
             The game lasted 00:59:14 (25625 turns).

Morbidden the Eclecticist (Djinni Necromancer)     Turns: 25625, Time: 00:59:15

Health: -11/121    AC: 22    Str: 27    XL:     17   Next: 22%
Gold:   1693       EV: 24    Int: 32    God:    Cheibriados [******] SH: 20 Dex: 31

rFire    + + +     SeeInvis .   a - +9 sword of Zonguldrok {reap}
rCold    + . .     Faith    .   y - +0 tower shield
rNeg     . . .     Spirit   .   F - +4 troll leather armour
rPois    ∞         Reflect  .   t - +1 helmet
rElec    .         Harm     .   N - scarf {rC+ rF+}
rCorr    .         Rampage  .   E - +2 pair of gloves of Afoclagu {Fly rC+}
Will     +....                  (boots unavailable)
Stlth    +++.......             f - amulet of regeneration
HPRegen  2.30/turn              c - +4 ring of protection
MPRegen  0.00/turn              P - +4 ring of protection

@: flying, studying 2 skills, very slow
A: fire resistance 2, cold vulnerability 1, float, innate caster, hp casting,
extra vitality 1
a: Renounce Religion, Bend Time, Temporal Distortion, Slouch, Step From Time


You were on level 3 of the Snake Pit.
You worshipped Cheibriados.
Cheibriados was exalted by your worship.
You visited 5 branches of the dungeon, and saw 27 of its levels.
You also visited: Volcano.

You collected 2487 gold pieces.
You spent 794 gold pieces at shops.

Inventory:

Hand Weapons
 a - the +9 sword of Zonguldrok (weapon) {reap}
   (You acquired it on level 9 of the Dungeon)

   If a monster killed with it leaves a corpse in good enough shape, the corpse
   is reanimated as a zombie friendly to the killer.
Missiles
 v - 2 throwing nets
 Y - 7 curare-tipped darts
Armour
 p - the +1 helmet "Dira" {Contam rN+ Dex+4 Stlth+}
   (You bought it in a shop on level 2 of the Orcish Mines)

   It affects your dexterity (+4).
   It protects you from negative energy.
   It causes magical contamination when unequipped.
   It makes you more stealthy.
 t - a +1 helmet (worn)
 y - a +0 tower shield (worn)
 E - the +2 pair of gloves of Afoclagu (worn) {Fly rC+}
   (You found it on level 10 of the Dungeon)

   It protects you from cold.
   It grants you flight.
 F - a +4 troll leather armour (worn)
 N - a scarf of resistance (worn)
Magical Staves
 w - a staff of air
Jewellery
 c - a +4 ring of protection (left hand)
 f - an amulet of regeneration (around neck)
 q - a ring of see invisible
 P - a +4 ring of protection (right hand)
 S - a ring of ice
Wands
 h - a wand of iceblast (35)
 k - a wand of polymorph (9)
 r - a wand of digging (22)
 x - a wand of flame (41)
 A - a wand of acid (30)
 Q - a wand of paralysis (7)
 Z - a wand of mindburst (13) (quivered)
Scrolls
 d - 4 scrolls of immolation
 e - a scroll of enchant weapon
 m - 18 scrolls of identify
 n - 4 scrolls of noise
 o - 3 scrolls of magic mapping
 s - 8 scrolls of teleportation
 z - 4 scrolls of summoning
 H - 2 scrolls of fog
 I - a scroll of holy word
 J - a scroll of torment
 L - 3 scrolls of fear
 M - a scroll of vulnerability
 V - a scroll of brand weapon
 X - a scroll of enchant armour
Potions
 b - 2 potions of brilliance {unknown}
 g - 3 potions of heal wounds {unknown}
 i - a potion of resistance {unknown}
 j - 6 potions of attraction
 l - 5 potions of lignification {unknown}
 u - 5 potions of might
 C - 11 potions of curing
 D - a potion of mutation {unknown}
 G - 2 potions of flight {unknown}
 R - 4 potions of ambrosia
 T - a potion of berserk rage {unknown}
 U - a potion of experience {unknown}
 W - 3 potions of degeneration {unknown}
Miscellaneous
 K - a box of beasts


   Skills:
 * Level 11.0 Fighting
 + Level 8.9 Long Blades
 + Level 3.8 Armour
 * Level 13.7 Dodging
 + Level 3.9 Stealth
 * Level 9.8 Shields
 * Level 17.0 Spellcasting
 * Level 10.0 Invocations
 + Level 0.5 Evocations


You had 5 spell levels left.
You knew the following spells:

 Your Spells              Type           Power      Damage    Failure   Level
a - Starburst             Conj/Fire      47%        8x6d13    1%          6
b - Vampiric Draining     Necr           47%        2d12      1%          3
c - Animate Skeleton      Necr           100%       N/A       0%          1
d - Animate Dead          Necr           47%        N/A       1%          4
e - Agony                 Necr           94%        N/A       1%          5
f - Pain                  Necr           100%       1d9       0%          1
g - Slow                  Hex            94%        N/A       0%          2
h - Teleport Other        Tloc           94%        N/A       1%          3
i - Cause Fear            Hex            47%        N/A       1%          4
j - Metabolic Englaciati  Hex/Ice        47%        N/A       1%          5
k - Foxfire               Conj/Fire      100%       2x1d9     0%          1
s - Shadow Creatures      Summ           N/A        N/A       1%          6
z - Iskenderun's Mystic   Conj/Tloc      94%        2d18      1%          4
Your spell library was empty.

Dungeon Overview and Level Annotations

Branches:
Dungeon (15/15)            Temple (1/1) D:5            Lair (6/6) D:8
  Swamp (0/4) Lair:4        Snake (3/4) Lair:3        Slime (0/5) Lair:5
    Orc (2/2) D:12            Elf (0/3) Orc:2        Depths (0/5) D:15
Volcano (visited)
 Vaults: D:13-14

Altars:
Ashenzari
Cheibriados
Dithmenos
Elyvilon
Fedhas
Gozag
Hepliaklqana
Kikubaaqudgha
Makhleb
Nemelex Xobeh
Okawaru
Qazlal
Ru
Sif Muna
Trog
Uskayaw
Vehumet
Wu Jian
Xom
Yredelemnul
Zin
The Shining One
Beogh

Shops:
D:6 ?   Orc:1 =   Orc:2 [*([

Annotations:
D:13 exclusions: door, vault guard and yaktaur


Innate Abilities, Weirdness & Mutations

You are immune to poison.
Your flesh is very heat resistant. (rF++)
You are vulnerable to cold. (rC-)
You float through the air rather than walking.
You learn spells naturally, not from books.
Your magical power is your life essence.
You have superior vitality. (+4 HP)


Message History

The naga warrior blocks your naga warrior's attack.
Your naga warrior constricts the naga warrior.
You block the naga warrior's attack. x2; The naga closely misses you.
You block the naga's attack. The guardian serpent hits you!
You block the naga ritualist's attack.
The naga ritualist completely misses you.
Casting: Vampiric Draining (safe; 1% risk of failure)
Confirm with . or Enter, or press ? or * to list all spells.
Aiming: Vampiric Draining (safe; 1% risk of failure)
Press: ? - help, Shift-Dir - straight line, f/p - naga ritualist
Aim: a naga ritualist, wielding a +0 mace and wearing a +0 robe (severely wounded, strong, catching its breath)
You draw life force from the naga ritualist.
You feel life coursing into your body.
Your naga mage spits poison at the naga warrior.
The splash of poison hits the naga warrior.
The naga warrior is poisoned.
You block the naga warrior's attack. x2
The guardian serpent closely misses you.
You riposte.
You miss the guardian serpent.
The guardian serpent is lightly wounded.
The naga warrior blocks your naga warrior's attack.
Your naga warrior constricts the naga warrior.
The naga warrior completely misses you. The naga warrior barely misses you.
The naga hits you with a +0 halberd!! The naga closely misses you.
Your naga mage hits the naga warrior with a +0 flail!!
The naga ritualist completely misses you.
You riposte.
You slash the naga ritualist!
The naga ritualist is almost dead.
The naga ritualist barely misses you.
Casting: Vampiric Draining (safe; 1% risk of failure)
Confirm with . or Enter, or press ? or * to list all spells.
Aiming: Vampiric Draining (safe; 1% risk of failure)
Press: ? - help, Shift-Dir - straight line, f/p - naga ritualist
Aim: a naga ritualist, wielding a +0 mace and wearing a +0 robe (almost dead, strong, catching its breath)
You draw life force from the naga ritualist!
You kill the naga ritualist!
Cheibriados thoroughly appreciates the change of pace.
You feel life coursing into your body. The guardian serpent hits you!
* * * LOW HITPOINT WARNING * * *
The naga warrior hits you with a +0 short sword!!
You die...

.........
........................
........................
........................
........†......[........
........................
........................
......)SN...............
......N@N...............
.......NN...............
........................
........................
........................
........................
#.......................
##......................
.###...#..............#


You could see 2 naga warriors, a guardian serpent, a naga (strong), a friendly
naga warrior (summoned, catching breath) and a friendly naga mage (summoned,
fast, strong, catching breath).

Vanquished Creatures
  Aizul (Snake:1)
  An orc warlord (Orc:2)
  A red draconian (Volcano)
  Snorg (D:12)
  Josephine (Lair:6)
  2 fire dragons
  2 rakshasas (D:15)
  Fannar (D:11)
  A boulder beetle (D:14)
  5 naga warriors
  A great orb of eyes (D:15)
  11 hydras
  6 anacondas
  5 centaur warriors
  A tengu warrior (D:13)
  9 death yaks
  4 two-headed ogres
  2 orc high priests (Orc:2)
  2 naga sharpshooters
  Sonja (Lair:6)
  6 shock serpents
  A salamander mystic (Volcano)
  4 naga ritualists
  A swamp dragon (Lair:6)
  An orc knight (D:15)
  A lindwurm (Lair:5)
  A mana viper (shapeshifter) (D:14)
  A deep elf pyromancer (D:13)
  10 mana vipers
  A salamander (shapeshifter) (D:14)
  9 ugly things
  6 cyclopes
  A wolf spider (Lair:6)
  10 salamanders
  3 orc sorcerers
  26 elephants
  8 naga magi
  20 black mambas
  4 guardian serpents
  2 gargoyles (D:12)
  Joseph (D:7)
  19 cane toads
  An unseen horror (D:12)
  9 rime drakes
  A tengu conjurer (D:13)
  12 komodo dragons
  7 trolls
  A queen bee (Lair:2)
  4 hornets
  A polar bear (shapeshifter) (D:15)
  5 polar bears
  18 slime creatures
  Prince Ribbit (D:7)
  11 dream sheep
  Grinder (D:6)
  8 blink frogs
  A redback (Lair:6)
  3 shadows
  13 wyverns
  4 wraiths
  31 yaks
  5 fire bats (Volcano)
  3 steam dragons
  7 basilisks
  8 vampire mosquitoes
  Menkaure (D:7)
  2 wargs
  19 nagas
  17 water moccasins
  An acid dragon (Lair:6)
  A floating eye (shapeshifter) (D:15)
  A swamp drake (Lair:6)
  3 ice beasts
  2 black bears
  27 orc warriors
  A necrophage (D:4)
  2 sky beasts (D:7)
  5 ogres
  14 wolves
  15 centaurs
  3 kobold brigands
  9 bullfrogs
  4 scorpions
  A hornet simulacrum (D:15)
  2 water moccasin zombies
  25 killer bees
  4 wights (D:9)
  2 electric eels
  2 howler monkeys (D:10)
  2 centaur zombies
  6 lava snakes (Volcano)
  4 hounds
  27 orc priests
  A bullfrog skeleton (D:5)
  A centaur skeleton (D:6)
  2 jellies (Lair:5)
  27 orc wizards
  9 iguanas
  2 killer bee zombies
  A hound skeleton (D:5)
  A howler monkey zombie (D:6)
  4 gnolls (D:6)
  7 adders
  A shadow imp (D:6)
  A white imp (D:5)
  An adder skeleton (D:4)
  A worm (D:2)
  2 dart slugs
  97 orcs
  6 ball pythons
  4 bats
  10 endoplasms
  2 giant cockroaches
  4 goblins
  3 hobgoblins
  7 jackals
  19 kobolds
  4 quokkas
  2 frilled lizards
  A jackal skeleton (D:3)
  2 quokka skeletons (D:3)
  5 rats
778 creatures vanquished.

Vanquished Creatures (collateral kills)
  A boulder beetle (Lair:5)
  A hydra (Lair:5)
  2 naga warriors
  A death yak (Lair:6)
  2 shock serpents (Snake:2)
  2 naga sharpshooters
  4 mana vipers
  3 salamanders (Snake:3)
  A cyclops (D:13)
  2 guardian serpents (Snake:3)
  2 elephants
  2 black mambas (Snake:3)
  3 naga magi (Snake:3)
  2 yaks
  A basilisk (Lair:6)
  Grum (Lair:1)
  A vampire mosquito (D:12)
  7 nagas
  2 killer bees
  An orc (Orc:1)
  An endoplasm (Lair:5)
  18 foxfires
60 creatures vanquished.

Vanquished Creatures (others)
  A rime drake (Lair:6)
  666 foxfires
  46 fungi
  114 plants
  2 withered plants (D:5)
829 creatures vanquished.

Grand Total: 1667 creatures vanquished

Notes
Turn   | Place    | Note
-------+----------+-------------------------------------------
     0 | D:1      | Morbidden the Djinni Necromancer began the quest for the
                  | Orb.
     0 | D:1      | Reached XP level 1. HP: 15/15 MP: 0/0
   212 | D:1      | Reached skill level 1 in Fighting
   433 | D:1      | Reached XP level 2. HP: 13/22 MP: 0/0
  1400 | D:2      | Reached skill level 4 in Spellcasting
  1400 | D:2      | Reached XP level 3. HP: 9/27 MP: 0/0
  1400 | D:2      | Learned a level 1 spell: Foxfire
  2007 | D:2      | Noticed a bullfrog
  2015 | D:2      | Killed a bullfrog
  2016 | D:2      | Reached XP level 4. HP: 29/33 MP: 0/0
  2233 | D:2      | Reached XP level 5. HP: 32/38 MP: 0/0
  2233 | D:2      | Learned a level 2 spell: Slow
  3752 | D:4      | Noticed an ogre
  3761 | D:4      | Killed an ogre
  3762 | D:4      | Reached skill level 5 in Spellcasting
  3762 | D:4      | Reached XP level 6. HP: 38/45 MP: 0/0
  3814 | D:4      | Noticed a necrophage
  3826 | D:4      | Killed a necrophage
  3827 | D:4      | Reached skill level 1 in Armour
  3956 | D:4      | Reached XP level 7. HP: 49/50 MP: 0/0
  3956 | D:4      | Learned a level 3 spell: Teleport Other
  4173 | D:4      | Reached skill level 6 in Spellcasting
  4785 | D:5      | Entered Level 5 of the Dungeon
  4931 | D:5      | Found a blossoming altar of Fedhas.
  5061 | D:5      | Reached skill level 1 in Long Blades
  5076 | D:5      | Found a staircase to the Ecumenical Temple.
  5106 | Temple   | Entered the Ecumenical Temple
  5351 | D:5      | Reached XP level 8. HP: 37/57 MP: 0/0
  5647 | D:5      | Reached skill level 7 in Spellcasting
  5867 | D:5      | Identified the +0 robe of the Lich-sworn {Regen+ MP-9
                  | Int+3}
  6254 | D:6      | Noticed Grinder
  6260 | D:6      | Paralysed by Grinder for 3 turns
  6264 | D:6      | Killed Grinder
  6359 | D:6      | Reached skill level 8 in Spellcasting
  6359 | D:6      | Reached XP level 9. HP: 63/63 MP: 0/0
  6359 | D:6      | Learned a level 4 spell: Iskenderun's Mystic Blast
  6729 | D:6      | Found Ysizachu's Magic Scroll Shop.
  6734 | D:6      | Bought a scroll of teleportation for 39 gold pieces
  6751 | D:6      | Found a snail-covered altar of Cheibriados.
  6758 | D:6      | Reached skill level 5 in Fighting
  6773 | D:6      | Became a worshipper of Cheibriados the Contemplative
  7182 | D:7      | Reached * piety under Cheibriados
  7489 | D:7      | Noticed Prince Ribbit
  7503 | D:7      | Killed Prince Ribbit
  7504 | D:7      | Reached skill level 1 in Invocations
  7536 | D:7      | Reached skill level 9 in Spellcasting
  7700 | D:7      | Found a sparkling altar of Nemelex Xobeh.
  7706 | D:7      | Found a shadowy altar of Dithmenos.
  7706 | D:7      | Found a stormy altar of Qazlal.
  7707 | D:7      | Found an iron altar of Okawaru.
  7708 | D:7      | Found an opulent altar of Gozag.
  7709 | D:7      | Found a hide-covered altar of Uskayaw.
  7709 | D:7      | Found a glowing silver altar of Zin.
  7738 | D:7      | Found a white marble altar of Elyvilon.
  7777 | D:7      | Noticed Joseph
  7784 | D:7      | Killed Joseph
  7785 | D:7      | Reached XP level 10. HP: 38/72 MP: 0/0
  7894 | D:7      | Noticed Menkaure
  7902 | D:7      | Killed Menkaure
  8452 | D:8      | Found a staircase to the Lair.
  8452 | D:8      | Noticed a fire dragon
  8666 | D:8      | Reached ** piety under Cheibriados
  8675 | D:8      | Reached skill level 10 in Spellcasting
  9228 | D:9      | Identified 2 scrolls of acquirement
  9228 | D:9      | Acquired the +9 sword of Zonguldrok {reap}
  9229 | D:9      | Found the +9 sword of Zonguldrok {reap}
  9232 | D:9      | Acquired a manual of Dodging
  9684 | D:9      | Reached skill level 5 in Dodging
  9934 | D:10     | Entered Level 10 of the Dungeon
  9965 | D:10     | Identified the +2 pair of gloves of Afoclagu {Fly rC+}
 10427 | D:10     | Found a bloodstained altar of Trog.
 10516 | D:10     | Noticed a white ugly thing
 10645 | D:10     | Reached *** piety under Cheibriados
 10860 | D:10     | Killed a white ugly thing
 10861 | D:10     | Reached skill level 1 in Shields
 11011 | D:11     | Reached XP level 11. HP: 70/78 MP: 0/0
 11011 | D:11     | Learned a level 4 spell: Cause Fear
 11040 | D:11     | Noticed a centaur warrior
 11050 | D:11     | Killed a centaur warrior
 11233 | D:11     | Noticed a cyan ugly thing
 11237 | D:11     | Noticed Fannar
 11264 | D:11     | Killed a cyan ugly thing
 11265 | D:11     | Reached skill level 5 in Long Blades
 11272 | D:11     | Killed Fannar
 11272 | D:11     | Reached **** piety under Cheibriados
 11273 | D:11     | Reached skill level 11 in Spellcasting
 11514 | D:12     | Found a broken altar of Ashenzari.
 11723 | D:12     | Noticed Snorg
 11733 | D:12     | Killed Snorg
 11755 | D:12     | Found a staircase to the Orcish Mines.
 11890 | D:12     | Noticed a two-headed ogre
 11905 | D:12     | Killed a two-headed ogre
 11906 | D:12     | Reached skill level 5 in Invocations
 11938 | D:12     | Noticed a cyclops
 11952 | D:12     | Killed a cyclops
 11953 | D:12     | Reached XP level 12. HP: 85/85 MP: 0/0
 11980 | D:12     | Noticed a two-headed ogre
 11986 | D:13     | Noticed a tengu warrior
 11995 | D:13     | Killed a tengu warrior
 12007 | D:13     | Reached skill level 12 in Spellcasting
 12066 | D:13     | Noticed a centaur warrior
 12072 | D:13     | Killed a centaur warrior
 12257 | D:13     | Noticed a vault guard
 12257 | D:13     | Noticed a vault guard
 12263 | D:13     | HP: 4/85 [yaktaur/bolt (16)]
 12459 | D:13     | Reached ***** piety under Cheibriados
 12742 | D:14     | Noticed a two-headed ogre
 12753 | D:14     | Killed a two-headed ogre
 12862 | D:14     | Noticed a centaur warrior
 12869 | D:14     | Killed a centaur warrior
 12964 | D:14     | Noticed a boulder beetle
 12976 | D:14     | Killed a boulder beetle
 13018 | D:14     | Found a blossoming altar of Fedhas.
 13686 | D:15     | Entered Level 15 of the Dungeon
 13699 | D:15     | Reached XP level 13. HP: 71/92 MP: 0/0
 13699 | D:15     | Learned a level 5 spell: Metabolic Englaciation
 13775 | D:15     | Reached skill level 13 in Spellcasting
 13890 | D:15     | Noticed a rakshasa
 13907 | D:15     | Killed a rakshasa
 13924 | D:15     | Reached skill level 5 in Shields
 13942 | D:15     | Noticed a rakshasa
 13942 | D:15     | Noticed a great orb of eyes
 13959 | D:15     | Killed a great orb of eyes
 14051 | D:15     | Killed a rakshasa
 14318 | D:15     | Found a staircase to the Depths.
 14503 | D:12     | Reached ****** piety under Cheibriados
 14653 | D:12     | Upgraded the game from 0.27-a0-941-g386ccf399c to
                  | 0.27-a0-955-gb57c80000f
 14967 | D:8      | Identified the +3 rapier "Fokhluira" {vorpal, rElec}
 15116 | D:8      | Killed a fire dragon
 15191 | Lair:1   | Entered Level 1 of the Lair of Beasts
 15331 | Lair:1   | Noticed Grum
 15342 | Lair:1   | Killed Grum
 16236 | Lair:2   | Reached skill level 10 in Dodging
 16518 | Lair:2   | Reached skill level 14 in Spellcasting
 16518 | Lair:2   | Reached XP level 14. HP: 97/101 MP: 0/0
 17036 | Lair:3   | Found a staircase to the Snake Pit.
 17062 | Lair:3   | Identified the +1 falchion "Deotzox" {speed, rC+ Int+6
                  | Dex-4}
 18437 | Lair:4   | Found a staircase to the Swamp.
 18973 | Lair:5   | Found a staircase to the Slime Pits.
 18981 | Lair:5   | Found a dark tunnel.
 18989 | Volcano  | Entered a volcano
 19102 | Volcano  | Noticed a red draconian
 19125 | Volcano  | Killed a red draconian
 19203 | Volcano  | Found a burning altar of Makhleb.
 19876 | Lair:5   | Reached XP level 15. HP: 94/107 MP: 0/0
 19876 | Lair:5   | Learned a level 6 spell: Starburst
 20347 | Lair:6   | Entered Level 6 of the Lair of Beasts
 20347 | Lair:6   | Noticed Josephine
 20352 | Lair:6   | Killed Josephine
 20357 | Lair:6   | Reached skill level 15 in Spellcasting
 20446 | Lair:6   | Reached skill level 10 in Fighting
 20827 | Lair:6   | Noticed Sonja
 20837 | Lair:6   | Killed Sonja
 21328 | Lair:6   | Reached XP level 16. HP: 114/114 MP: 0/0
 21925 | Orc:1    | Entered Level 1 of the Orcish Mines
 22215 | Orc:2    | Entered Level 2 of the Orcish Mines
 22371 | Orc:2    | Found a staircase to the Elven Halls.
 22694 | Orc:1    | Found Zayda's Jewellery Shoppe.
 22846 | Orc:2    | Found Neeghiy's Antique Armour Shop.
 23070 | Orc:2    | Reached skill level 16 in Spellcasting
 23124 | Orc:2    | Found Xipiwneq's Antique Weapon Boutique.
 23150 | Orc:2    | Found Degichil's Antique Armour Shop.
 23165 | Orc:2    | Bought an ichor-stained helmet for 275 gold pieces
 23165 | Orc:2    | Identified the +1 helmet "Dira" {Contam rN+ Dex+4 Stlth+}
                  | (You bought it in a shop on level 2 of the Orcish Mines)
 23192 | Orc:2    | Found Jyuzix's Assorted Antiques.
 23404 | Orc:1    | Bought an amulet of regeneration for 480 gold pieces
 23628 | Snake:1  | Entered Level 1 of the Snake Pit
 23952 | Snake:1  | Noticed Aizul
 23966 | Snake:1  | Killed Aizul
 24772 | Snake:2  | Reached XP level 17. HP: 106/121 MP: 0/0
 24772 | Snake:2  | Learned a level 6 spell: Shadow Creatures
 25437 | Snake:3  | Reached skill level 17 in Spellcasting
 25497 | Snake:3  | Reached skill level 10 in Invocations
 25625 | Snake:3  | Mangled by a naga warrior

Illustrated notes

Levels and vault maps discovered:
D:1:      psy_arrival_basics, layout_rooms, minivault_26,
          minmay_misc_feat_pillars
D:2:      layout_rooms, patterned_corridor
D:3:      layout_loops_ring, serial_undead, serial_undead_c, serial_undead_f,
          serial_undead_e, serial_undead_d
D:4:      layout_gridville, minmay_manual_maat
D:5:      layout_basic, grunt_temple_overflow_growth_and_decay,
          minmay_temple_entry_large_hall, minivault_19, grunt_ministairs_11
D:6:      layout_basic, nicolae_overflow_crystal_walls, serial_shops,
          kennysheep_little_box, uniq_grinder
D:7:      layout_basic, general_overflow_altar, grunt_temple_overflow_open,
          hangedman_glass_teeth, uniq_joseph, uniq_menkaure, uniq_prince_ribbit1
D:8:      layout_loops_ring, minmay_lair_entry_lava
D:9:      layout_roguey
D:10:     layout_basic, old_standard_altar, nicolae_sif_muna_condensation
D:11:     layout_rooms, uniq_fannar
D:12:     layout_small_grid, orc_0_dummy, serial_bayou_pond_c,
          nicolae_ashenzari_skybound, uniq_snorg
D:13:     layout_rooms, grunt_vaults_entry_fortified, lemuel_nasty_fountain
D:14:     layout_stronghold, roderic_lattice_octagonal_star,
          fedhas_ov_isle_minmay
D:15:     gammafunk_enter_depths_forms, layout_rooms
Temple:   nicolae_temple_figure_zero
Lair:1:   layout_cave_pods, grunt_forest_small_clearing_treed, uniq_grum
Lair:2:   layout_cave_pods, special_room [special_room_bee], grunt_megastairs_1
Lair:3:   layout_cave_pods, dummy_snake_entry, minivault_27,
          serial_bayou_shore_a, infiniplex_staircase_pool_2
Lair:4:   wander_river, layout_gridlike, swamp_mist_pool, beast_lair_carwin_3
Lair:5:   layout_roguey, nicolae_slime_entry_slimehenge, enter_volcano_1,
          nzn_sisyphean_effort
Lair:6:   hangedman_lair_tendril_chambers, layout_gridlike,
          guppyfry_lair_end_dragon, uniq_sonja, uniq_josephine
Snake:1:  layout_onion_interference, grunt_ministairs_12, uniq_aizul
Snake:2:  cheibrodos_forgotten_conduit, layout_rooms, grunt_ministairs_3,
          corexii_hall_statues_s
Snake:3:  layout_onion, grunt_megastairs_5
Orc:1:    layout_diamond_mine, serial_shops, shop
Orc:2:    grunt_orc_community_town_hall, layout_caves,
          grunt_orc_community_big_house_1, grunt_orc_community_big_house_1,
          grunt_orc_community_house_3, grunt_orc_community_house_3,
          grunt_orc_community_house_3, grunt_orc_community_house_3

Skill      XL: |  1  2  3  4  5  6  7  8  9 10 11 12 13 14 15 16 17 |
---------------+----------------------------------------------------+-----
Fighting       | 1 2 3 4 5 6 7 8 9 10 11 | 11.0
Spellcasting   | 4 5 6 8 9 10 11 12 14 15 16 17 | 17.0
Stealth        | 2 3 |  3.9
Armour         | 1 2 3 |  3.8
Long Blades    | 1 2 3 4 5 6 7 8 |  8.9
Dodging        | 3 4 6 7 8 10 11 12 13 | 13.7
Invocations    | 2 3 5 6 7 8 9 10 | 10.0
Shields        | 1 3 4 5 7 8 9 |  9.8
Evocations     | |  0.5

Action                   |  1- 3 |  4- 6 |  7- 9 | 10-12 | 13-15 | 16-18 || total
-------------------------+-------+-------+-------+-------+-------+-------++-------
Melee: Unarmed           |     1 |       |       |       |       |       ||     1
       Long sword        |       |    16 |    30 |     6 |       |       ||    52
       Double sword      |       |       |       |   103 |   280 |   188 ||   571
 Cast: Pain              |    37 |       |       |     1 |     1 |       ||    39
       Foxfire           |    18 |    77 |   121 |   119 |    81 |       ||   416
       Vampiric Draining |       |     5 |    86 |   180 |   394 |   194 ||   859
       Teleport Other    |       |       |     1 |     1 |       |       ||     2
       Slow              |       |       |     1 |       |       |       ||     1
       Iskenderun's Myst |       |       |     2 |    11 |     8 |     2 ||    23
       Cause Fear        |       |       |       |     2 |       |     1 ||     3
       Starburst         |       |       |       |       |    53 |    59 ||   112
       Shadow Creatures  |       |       |       |       |       |    43 ||    43
Invok: Step From Time    |       |       |       |       |       |     1 ||     1
Evoke: Wand              |       |       |       |     6 |       |     3 ||     9
       Box of beasts     |       |       |       |     1 |       |       ||     1
  Use: Scroll            |       |     1 |     5 |    16 |     9 |       ||    31
       Potion            |       |       |       |     1 |       |       ||     1
 Stab: Sleeping          |       |       |     3 |     5 |    11 |     7 ||    26
       Distracted        |       |       |       |       |     3 |     4 ||     7
Armor: Robe              |     7 |     1 |    25 |    46 |       |       ||    79
       Leather armour    |       |    12 |    18 |       |       |       ||    30
       Troll leather arm |       |       |       |    95 |   229 |   105 ||   429
Dodge: Dodged            |    10 |    24 |   113 |   348 |   790 |   410 ||  1695
Block: Buckler           |       |       |       |    51 |       |       ||    51
       Kite shield       |       |       |       |    71 |   708 |   255 ||  1034
       Tower shield      |       |       |       |       |       |   207 ||   207
       Rpst.: Long sword |       |     6 |    34 |     5 |       |       ||    45
       Double sword      |       |       |       |    69 |   201 |    78 ||   348

Table legend: (Time is in decaauts)
 A = Elapsed time spent in this place.
 B = Non-inter-level travel time spent in this place.
 C = Inter-level travel time spent in this place.
 D = Time resting spent in this place.
 E = Time spent auto-exploring this place.
 F = Levels seen in this place.
 G = Mean time per level.
                   A        B        C        D        E       F      G
               +--------+--------+--------+--------+--------+-----+--------+
         Total |  37650 |  35069 |   2581 |   1299 |  27877 |  28 | 1344.6 |
       Dungeon |  19554 |  18029 |   1525 |    782 |  14536 |  15 | 1303.6 |
        Temple |    210 |    201 |      9 |      0 |    200 |   1 |  210.0 |
          Lair |  11404 |  10706 |    698 |    287 |   8707 |   6 | 1900.7 |
     Snake Pit |   3314 |   3208 |    106 |    205 |   2319 |   3 | 1104.7 |
  Orcish Mines |   2724 |   2482 |    242 |     25 |   1846 |   2 | 1362.0 |
       Volcano |    441 |    441 |      0 |      0 |    269 |   1 |  441.0 |
               +--------+--------+--------+--------+--------+-----+--------+

Top non-repeatable levels by time:
  Lair:6: 2291 daAuts
  Lair:3: 2143 daAuts
  Lair:5: 1943 daAuts
   Orc:2: 1868 daAuts
  Lair:1: 1851 daAuts
  Lair:2: 1805 daAuts
     D:8: 1740 daAuts
    D:10: 1710 daAuts
    D:14: 1652 daAuts
     D:7: 1628 daAuts
 Snake:1: 1422 daAuts
  Lair:4: 1369 daAuts
     D:9: 1331 daAuts
    D:15: 1303 daAuts
     D:1: 1274 daAuts
